 Dungeon Crawl Stone Soup version 0.21.1-1-g345015fe64 (webtiles) character file.

63117 Banto the Fencer (level 14, -29/135 HPs)
             Began as a Minotaur Berserker on Apr 5, 2018.
             Was the Champion of Trog.
             Annihilated by an ettin
             ... wielding a +0 dire flail
              (33 damage)
             ... on level 15 of the Dungeon.
             The game lasted 00:25:59 (16450 turns).

Banto the Fencer (Minotaur Berserker)              Turns: 16450, Time: 00:25:59

Health: -29/135    AC: 20    Str: 22    XL:     14   Next: 66%
Magic:  4/4        EV: 18    Int:  4    God:    Trog [******]
Gold:   745        SH:  0    Dex: 19    Spells: 13/13 levels left

rFire    + . .     SeeInvis +   G - +6 long sword (antimagic)
rCold    + . .     Gourm    .   (no shield)
rNeg     + . .     Faith    .   A - +3 chain mail "Zetoidew" {rN+ Dex+4 Stlth-}
rPois    .         Spirit   .   (helmet restricted)
rElec    .         Reflect  .   a - scarf {rC+ rF+}
rCorr    +         Harm     .   g - +1 pair of gloves
MR       +....                  w - +0 pair of boots
Stlth    ..........             y - amulet of regeneration
HPRegen  0.72/turn              d - ring of see invisible
MPRegen  0.09/turn              N - ring of resist corrosion

@: drained
A: retaliatory headbutt, horns 2
a: Berserk, Trog's Hand, Brothers in Arms, Burn Spellbooks, Renounce Religion


You were on level 15 of the Dungeon.
You worshipped Trog.
Trog was exalted by your worship.
You were very hungry.

You visited 3 branches of the dungeon, and saw 17 of its levels.
You visited the Abyss 1 time.

You collected 995 gold pieces.
You spent 250 gold pieces at shops.

Inventory:

Hand Weapons
 z - the +7 great mace "Undeadhunter" {disrupt, rN+}
   (You found it on level 7 of the Dungeon)

   It protects you from negative energy.
 C - a +4 triple sword of draining
 G - a +6 antimagic long sword (weapon)
 M - a +0 scimitar of holy wrath
Missiles
 D - a throwing net (quivered)
Armour
 a - a scarf of resistance (worn)
 g - a +1 pair of gloves (worn)
 w - a +0 pair of boots (worn)
 A - the +3 chain mail "Zetoidew" (worn) {rN+ Dex+4 Stlth-}
   (You found it on level 8 of the Dungeon)

   It affects your dexterity (+4).
   It protects you from negative energy.
   It makes you less stealthy.
 O - +0 fire dragon scales
Jewellery
 d - a ring of see invisible (left hand)
 x - the ring of Fito {Ice rN+}
   (You found it on level 5 of the Dungeon)

   [ring of ice]

   It enhances your ice magic.
   It makes you vulnerable to fire.
   It protects you from cold.
   It protects you from negative energy.
 y - an amulet of regeneration (around neck)
 N - a ring of resist corrosion (right hand)
Wands
 f - a wand of iceblast (10)
 u - a wand of flame (19)
 B - a wand of random effects (29)
 H - a wand of digging (20)
 I - a wand of acid (9)
 J - a wand of disintegration (13)
 P - a wand of paralysis (19)
Scrolls
 e - 6 scrolls of remove curse
 h - 5 scrolls of identify
 k - a scroll of magic mapping
 n - 6 scrolls of fear
 o - 4 scrolls of enchant armour
 p - 2 scrolls of fog
 v - 8 scrolls of teleportation
 E - 4 scrolls of enchant weapon
 L - 2 scrolls of vulnerability
 R - a scroll of blinking
Potions
 b - 4 potions of flight
 i - 5 potions of haste
 j - 3 potions of magic
 l - 10 potions of curing
 m - 3 potions of brilliance
 q - 3 potions of heal wounds
 r - 3 potions of might
 s - a potion of invisibility
 t - 6 potions of lignification
 F - a potion of cancellation
 K - 2 potions of ambrosia
Comestibles
 c - 24 rations


   Skills:
 + Level 15.4(15.2) Fighting
 + Level 15.4(15.2) Long Blades
 + Level 15.2(15.0) Armour
 + Level 14.2(14.0) Dodging


You had 13 spell levels left.
You didn't know any spells.

Dungeon Overview and Level Annotations

Branches:
Dungeon (15/15)            Temple (1/1) D:4            Lair (0/6) D:10
    Orc (0/2) D:9          Vaults (0/5) D:13         Depths (1/5) D:15

Altars:
Cheibriados
Nemelex Xobeh
Okawaru
Trog
Uskayaw
Wu Jian
Xom
Zin
The Shining One

Shops:
D:11 }   D:13 (   D:14 !

Portals:
Hell: Depths:1

Annotations:
D:7 2 transporters


Innate Abilities, Weirdness & Mutations

You reflexively headbutt those who attack you in melee.
You have a pair of horns on your head.


Message History

The ettin is heavily wounded.
You hit the ettin. You headbutt the ettin!
The ettin is severely wounded.
The ettin hits you with a dire flail! The ettin hits you with a dire flail!!
You are too injured to fight recklessly!
You are too injured to fight recklessly!
You hit the ettin but do no damage.
The ettin is severely wounded.
The ettin hits you with a dire flail!
* * * LOW HITPOINT WARNING * * *
The ettin hits you with a dire flail!!
* * * LOW HITPOINT WARNING * * *
You are too injured to fight recklessly!
You hit the ettin.
The ettin is severely wounded.
Unknown command.
You hit the ettin. Your headbutt misses the ettin.
The ettin is severely wounded.
The ettin hits you with a dire flail!!
You die...

### #.# #.##.## ..#
#.####### #.##.## ..###
#...#...#### #.##.##
..≈≈## #.≈.#.≈.#..#
#.##.## ...≈≈##
#..[#...#..# #.##.##
...≈≈≈## ####'###.###
#.##.## .....≈≈#
#...#...## ###.##.##
##....## #.≈.#.≈C#
#........ ..#....#
#...#..@## #.#.##.##
...#...######.###>#
#...##.## ...#.....##..##
### ###.#....
....#....##..########
#.#..##
.#..#....#####......#
#.#..##
.#...#.......#.####'#####
#.#.... ..(#.#..####.#.#
#......# #.##.##
...#..#....#.#.# #......#
#...... ......#.≈#.#.#.#
#......####.#.##


You could see an ettin.

Vanquished Creatures
  Frances (D:12)
  Agnes (D:15)
  Louise (D:15)
  A frost giant (D:15)
  A fire dragon (Depths:1)
  A green death (Abyss:2)
  4 hydras
  A rakshasa (D:15)
  2 ogre magi
  6 centaur warriors
  11 two-headed ogres
  A death yak (D:9)
  A death knight (D:15)
  Urug (D:10)
  A thrashing horror (Abyss:2)
  The ghost of brittlin the Cleaver, a novice HOFi of Okawaru (D:8)
  The ghost of Neles the Thaumaturge, a novice GnWn of Fedhas (D:7)
  A glowing orange brain (shapeshifter) (D:15)
  3 unseen horrors
  2 wizards
  A phantasmal warrior (D:15)
  2 orc knights (D:15)
  3 deep elf magi (D:12)
  7 ugly things
  2 cyclopes (D:13)
  2 manticores
  A wolf spider (D:15)
  2 gargoyles
  A rust devil (Abyss:2)
  A freezing wraith (D:15)
  3 kobold demonologists
  An ice devil (Depths:1)
  A komodo dragon (shapeshifter) (D:15)
  A merfolk (D:9)
  The ghost of groda1 the Conjurer, an amateur DrCj of Vehumet (D:5)
  A hornet (D:14)
  7 trolls
  The ghost of sour the Twirler, an amateur FoFi of Cheibriados (D:4)
  12 slime creatures
  4 hippogriffs
  3 wraiths
  2 centaur simulacra
  Sigmund (D:2)
  2 shadows
  A vampire (D:13)
  A ynoxinul (Abyss:2)
  3 water elementals
  2 wyverns
  28 yaks
  A large abomination (Abyss:2)
  2 hungry ghosts
  3 chaos spawn (Abyss:2)
  2 wargs (D:15)
  An acid dragon (D:15)
  A water moccasin (D:5)
  A soldier ant (D:10)
  2 hell hounds (D:10)
  4 ice beasts
  2 necrophages
  3 sky beasts
  A small abomination (Abyss:2)
  13 orc warriors
  3 black bears
  3 phantoms
  2 eyes of draining
  10 ogres
  6 boggarts
  17 centaurs
  A crocodile (D:11)
  5 big kobolds
  2 gnoll sergeants
  8 bullfrogs
  A water moccasin skeleton (D:4)
  A wyvern skeleton (D:13)
  3 scorpions
  The ghost of martbhell the Skirmisher, a weakling MiFi (D:3)
  12 killer bees
  9 electric eels
  3 howler monkeys
  6 crimson imps
  A bullfrog zombie (D:9)
  A centaur zombie (D:9)
  5 jellies
  2 gnoll shamans
  A bullfrog skeleton (D:10)
  7 orc priests
  8 hounds
  19 orc wizards
  7 centaur skeletons
  Natasha (thrice) (D:2)
  2 iguanas
  13 worker ants
  2 hound skeletons
  A worker ant zombie (D:8)
  20 gnolls
  A howler monkey skeleton (D:8)
  11 adders
  2 shadow imps
  A white imp (Abyss:2)
  An ooze (D:3)
  An adder skeleton (D:9)
  A dart slug (D:3)
  2 worms
  5 leopard geckos
  73 orcs
  3 bats (D:2)
  4 giant cockroaches
  12 goblins
  8 hobgoblins
  14 jackals
  2 quokkas
  A ball python (D:1)
  3 frilled lizards
  26 kobolds
  A leopard gecko skeleton (D:7)
  5 rats
537 creatures vanquished.

Vanquished Creatures (others)
  2 orcs (D:10)
2 creatures vanquished.

Grand Total: 539 creatures vanquished

Notes
Turn   | Place    | Note
-------+----------+-------------------------------------------
     0 | D:1      | Banto the Minotaur Berserker began the quest for the Orb.
     0 | D:1      | Reached XP level 1. HP: 19/19 MP: 0/0
    83 | D:1      | Reached XP level 2. HP: 10/27 MP: 1/1
   282 | D:1      | You fall through a shaft!
   282 | D:2      | Found a sparkling altar of Nemelex Xobeh.
   299 | D:2      | Found a bloodstained altar of Trog.
   433 | D:2      | Noticed Sigmund
   446 | D:2      | Killed Sigmund
   446 | D:2      | Reached ** piety under Trog
   446 | D:2      | Reached XP level 3. HP: 33/35 MP: 2/2
   446 | D:2      | Reached XP level 4. HP: 39/41 MP: 3/3
   446 | D:2      | Reached XP level 5. HP: 44/47 MP: 4/4
   529 | D:2      | Noticed Natasha
   540 | D:2      | Killed Natasha
   824 | D:2      | Noticed Natasha
   835 | D:2      | Killed Natasha
   835 | D:2      | Reached skill level 5 in Fighting
   835 | D:2      | Reached skill level 5 in Long Blades
   897 | D:2      | Noticed Natasha
   901 | D:2      | Killed Natasha
   901 | D:2      | Reached XP level 6. HP: 49/56 MP: 5/5
  1359 | D:3      | Found a snail-covered altar of Cheibriados.
  1853 | D:3      | Noticed martbhell's ghost (weakling MiFi)
  1867 | D:3      | Killed martbhell's ghost
  2004 | D:3      | Found a bloodstained altar of Trog.
  2272 | D:4      | Found a staircase to the Ecumenical Temple.
  2309 | D:4      | Found a shimmering altar of Xom.
  2310 | D:4      | Noticed sour's ghost (amateur FoFi)
  2318 | D:4      | Killed sour's ghost
  2318 | D:4      | Reached *** piety under Trog
  2318 | D:4      | Reached skill level 5 in Armour
  2318 | D:4      | Reached skill level 5 in Dodging
  2318 | D:4      | Reached XP level 7. HP: 57/63 MP: 6/6
  2465 | D:4      | Found Zin's Purification Station.
  2696 | D:4      | Found a glowing silver altar of Zin.
  2701 | D:4      | Bought a potion of curing for 90 gold pieces
  2763 | Temple   | Entered the Ecumenical Temple
  2827 | D:4      | Found an ornate altar of the Wu Jian Council.
  3184 | D:5      | Entered Level 5 of the Dungeon
  3219 | D:5      | Reached XP level 8. HP: 38/71 MP: 7/7
  3227 | D:5      | Got a twitching pewter ring
  3238 | D:5      | Identified the ring of Fito {Ice rN+} (You found it on level 5 of the Dungeon)
  3599 | D:5      | Noticed groda1's ghost (amateur DrCj)
  3622 | D:5      | Killed groda1's ghost
  3625 | D:5      | Received a gift from Trog
  3665 | D:5      | Found an iron altar of Okawaru.
  3895 | D:5      | Found a glowing golden altar of the Shining One.
  4650 | D:6      | Reached XP level 9. HP: 78/81 MP: 8/8
  4882 | D:6      | Found a glowing golden altar of the Shining One.
  5293 | D:7      | Found a transporter.
  5294 | D:7      | Noticed a kobold demonologist
  5297 | D:7      | Noticed a kobold demonologist
  5336 | D:7      | Noticed an orc high priest
  5491 | D:7      | Reached **** piety under Trog
  5686 | D:7      | Found a transporter.
  5936 | D:7      | Found the +7 great mace "Undeadhunter" {disrupt, rN+}
  6521 | D:7      | Noticed Neles's ghost (novice GnWn)
  6540 | D:7      | Killed Neles's ghost
  6836 | D:8      | Noticed a two-headed ogre
  6852 | D:8      | Killed a two-headed ogre
  6852 | D:8      | Reached XP level 10. HP: 12/90 MP: 9/9
  7339 | D:8      | Reached ***** piety under Trog
  7371 | D:8      | Noticed brittlin's ghost (novice HOFi)
  7385 | D:8      | Killed brittlin's ghost
  7463 | D:8      | Got a distressingly furry chain mail
  7474 | D:8      | Identified the +3 chain mail "Zetoidew" {rN+ Dex+4 Stlth-} (You found it on level 8 of the Dungeon)
  7806 | D:9      | Reached skill level 10 in Fighting
  7824 | D:9      | Reached skill level 10 in Long Blades
  8291 | D:9      | Reached skill level 10 in Armour
  8735 | D:9      | Found a staircase to the Orcish Mines.
  8879 | D:9      | Received a gift from Trog
  9054 | D:9      | Noticed an unseen horror
  9062 | D:9      | Killed an unseen horror
  9173 | D:10     | Entered Level 10 of the Dungeon
  9173 | D:10     | Found a staircase to the Lair.
  9179 | D:10     | Reached XP level 11. HP: 100/100 MP: 3/10
  9180 | D:10     | Noticed Urug
  9325 | D:10     | Noticed a death yak
  9502 | D:9      | Killed a death yak
  9502 | D:9      | Reached skill level 10 in Dodging
  9638 | D:10     | Killed Urug
  9698 | D:10     | Noticed an unseen horror
  9709 | D:10     | Killed an unseen horror
 10191 | D:10     | Received a gift from Trog
 10903 | D:11     | Noticed a seven-headed hydra
 10926 | D:11     | Killed a nine-headed hydra
 10926 | D:11     | Reached XP level 12. HP: 111/111 MP: 3/11
 10971 | D:11     | Noticed a seven-headed hydra
 10982 | D:11     | Killed a seven-headed hydra
 11383 | D:11     | Noticed a two-headed ogre
 11392 | D:11     | Killed a two-headed ogre
 11440 | D:11     | Found Boyshreadip's Gadget Shop.
 11620 | D:12     | Noticed Frances
 11629 | D:12     | Killed Frances
 11694 | D:12     | Cast into level 2 of the Abyss (a wizard)
 11816 | Abyss:2  | Noticed a green death
 11816 | Abyss:2  | HP: 3/112 [green death/bolt of poison (24)]
 11829 | Abyss:2  | Killed a green death
 11935 | Abyss:2  | Noticed a starcursed mass
 11979 | Abyss:2  | Received a gift from Trog
 11990 | D:12     | Escaped the Abyss
 12001 | D:12     | Identified Sif Muna's Almanac of Axaxaxas mlö
 12014 | D:12     | Identified the Tome of Plaster Cramp
 12037 | D:12     | Identified the Papyrus of Sand
 12192 | D:12     | Noticed a seven-headed hydra
 12203 | D:12     | Killed a seven-headed hydra
 12205 | D:12     | Identified a scroll of acquirement
 12284 | D:12     | Noticed an eight-headed hydra
 12292 | D:12     | Killed an eight-headed hydra
 12422 | D:12     | Reached XP level 13. HP: 122/122 MP: 4/12
 12576 | D:13     | Found Irghiw Tino's Weapon Emporium.
 12896 | D:13     | Found a gate to the Vaults.
 13699 | D:14     | Reached ****** piety under Trog
 13804 | D:14     | Received a gift from Trog
 14016 | D:14     | Found Gabbeemn's Distillery.
 14024 | D:14     | Bought a potion of heal wounds for 80 gold pieces
 14024 | D:14     | Bought a potion of heal wounds for 80 gold pieces
 14348 | D:15     | Entered Level 15 of the Dungeon
 14452 | D:15     | Noticed Agnes
 14471 | D:15     | Killed Agnes
 14471 | D:15     | Reached XP level 14. HP: 128/133 MP: 4/13
 14834 | D:15     | Found a staircase to the Depths.
 15009 | D:15     | Noticed Louise
 15024 | D:15     | Killed Louise
 15495 | D:15     | Reached skill level 15 in Fighting
 15501 | D:15     | Reached skill level 15 in Long Blades
 15953 | Depths:1 | Entered Level 1 of the Depths
 15974 | Depths:1 | Reached skill level 15 in Armour
 16289 | Depths:1 | Found a gateway to Hell.
 16303 | Depths:1 | Noticed a frost giant
 16443 | D:15     | Killed a frost giant
 16448 | D:15     | HP: 3/135 [ettin/dire flail (35)]
 16450 | D:15     | Annihilated by an ettin

Skill      XL: |  1  2  3  4  5  6  7  8  9 10 11 12 13 14 |
---------------+-------------------------------------------+-----
Fighting       | 4 5 6 7 9 10 12 13 14 15 | 15.4
Long Blades    | 4 5 6 7 9 10 12 13 14 15 | 15.4
Armour         | 3 4 5 6 7 9 10 11 13 14 15 | 15.2
Dodging        | 3 4 5 6 8 9 11 12 13 14 | 14.2

Action                   |  1- 3 |  4- 6 |  7- 9 | 10-12 | 13-15 || total
-------------------------+-------+-------+-------+-------+-------++-------
Melee: Falchion          |    35 |   138 |   291 |   243 |       ||   707
       Headbutt          |     2 |    24 |    86 |   213 |   254 ||   579
       Long sword        |       |       |       |   338 |   539 ||   877
       Scimitar          |       |       |       |    40 |    72 ||   112
       Great mace        |       |       |       |    14 |       ||    14
Invok: Berserk           |     1 |     3 |     5 |     8 |     3 ||    20
       Trog's Hand       |       |       |       |     1 |       ||     1
Evoke: Wand              |       |       |       |     5 |     9 ||    14
  Use: Scroll            |       |       |    16 |     6 |     3 ||    25
       Potion            |       |       |       |     2 |       ||     2
 Stab: Sleeping          |     1 |     1 |       |       |       ||     2
       Distracted        |       |       |       |     1 |       ||     1
  Eat: Chunk             |       |     7 |    17 |    28 |    14 ||    66
       Ration            |       |       |     1 |       |     1 ||     2
Armor: Animal skin       |     3 |       |       |       |       ||     3
       Leather armour    |     3 |    33 |    33 |       |       ||    69
       Ring mail         |       |       |     4 |    20 |       ||    24
       Chain mail        |       |       |       |   229 |   195 ||   424
Dodge: Dodged            |    22 |   104 |   201 |   500 |   447 ||  1274
       Rpst.: Falchion   |     5 |    23 |    47 |    40 |       ||   115
       Long sword        |       |       |       |    82 |   104 ||   186
       Scimitar          |       |       |       |     7 |    10 ||    17
